Unix NetHack Version 5.0.0-0 post-release - last build May  4 2026 22:22:43 (774f63e81ad911689b3a0859ea89b322d5daca8d,branch:main).

Game began 2026-05-08 08:08:15, ended 2026-05-08 08:54:28.

BSL2425737, lawful female dwarven Valkyrie

                                            --
                                     --     |.--
                                    --.---   ..---                 |
                                  ---....|  --...|                .--
                                  |......-- |....|              ....|
                                  |.......|--....--           ......|
                                  ------..||......|     --- ........-
                         ------        --.--......--    ........o.
            ----       ---.--.-----------....%..(..---.....o..---    ---
           --...      --.......|...................@%o...o.o...........G.-
           |.<-       |...........--------..............--    ----       -
           |.--       |...---.|.....--- -.....---.......|
        -. |.---      ----- -----.....|*....--- --.....--
        |......-------------------.........--------...--
        |..--.........................................|
        -. |.....?.---------------.---...--------------
        .. |........|             .| --.--
       ..  -.|..--.--            ..|  ---
      --   ..-------            ----
          ---
BSL2425737 the Skirmisher   St:15 Dx:13 Co:20 In:9 Wi:10 Ch:7  Lawful
Dlvl:5  $:76 HP:0(37) Pw:3(3) AC:6  Xp:3 T:1476 

Latest messages:
 The cave spider bites!
 You hit the cave spider.
 The cave spider turns to flee.
 The cave spider bites!
 The cave spider bites!
 The cave spider bites!
 The cave spider bites!
 The cave spider bites!
 The cave spider misses!
 The cave spider misses!
 You hear an F sharp squeak in the distance.
 What do you want to throw? [$bl or ?*] (
 You don't have that object.
 What do you want to throw? [$bl or ?*] *
 In what direction? 6
 The dwarvish spear misses the cave spider.
 Your movements are now unencumbered.
 The cave spider bites!
 You begin bashing monsters with your bare hands.
 You kill the cave spider!
 You see here a bubbly potion.
 z - a bubbly potion.
 You see here a pine wand.
 A - a pine wand.
 You see here a leash.
 You see the cave spider hide under a corpse.
 What do you want to zap? [A or ?*] *
 In what direction? 6
 You miss the floating eye.
 You are frozen by the floating eye's gaze!
 You hear an F sharp squeak in the distance.
 The hill orc hurls a ruby potion!
 The jar crashes on the floating eye and breaks into shards.
 The ruby potion evaporates.
 The floating eye falls asleep.
 Call a ruby potion: 6   
 The hill orc zaps an oak wand!
 The wand hits the floating eye!
 The floating eye is killed!
 The wand misses you.
 The hill orc zaps a wand of striking!
 The wand hits you!
 The hill orc zaps a wand of striking!
 The wand hits you!
 You die...
 Do you want your possessions identified? [ynq] (y) y
 Do you want to see your attributes? [ynq] (y) y
 Do you want an account of creatures vanquished? [ynaq] (y) y
 Do you want to see your conduct and achievements? [ynq] (y) y
 Do you want to see the dungeon overview? [ynq] (y) y

Inventory:
 Coins    ('$')
  $ - 76 gold pieces
 Weapons  (')')
  b - a +0 dagger (alternate weapon; not wielded)
  l - a cursed -1 dagger
 Armor    ('[')
  e - an uncursed +0 orcish helm
  i - an uncursed +0 pair of iron shoes
  c - an uncursed +3 small shield (being worn)
  j - a cursed -1 studded leather armor
 Comestibles  ('%')
  y - an uncursed cram ration
  d - an uncursed food ration
 Potions  ('!')
  m - a blessed potion of enlightenment
  z - a blessed potion of extra healing
 Rings    ('=')
  o - a cursed ring of aggravate monster
  u - a cursed -2 ring of protection
 Wands    ('/')
  A - a wand of digging (0:3)
 Tools    ('(')
  n - an uncursed blindfold
  t - an uncursed lock pick
 Gems/Stones  ('*')
  h - a cursed loadstone

BSL2425737 the Valkyrie's attributes:

Background:
 You were a Skirmisher, a level 3 dwarven Valkyrie.
 You were lawful, nominally on a mission for Tyr
 who was opposed by Odin (neutral) and Loki (chaotic).
 You were right-handed.
 You were in the Gnomish Mines, on level 5.
 You entered the dungeon 1476 turns ago.
 You had 77 experience points, 3 more were needed to attain level 4.

Basics:
 You had 0 out of 37 hit points.
 You had all 3 energy points (spell power).
 Your armor class was 6.
 Your wallet contained 76 zorkmids.
 Autopickup was off.

Final Characteristics:
 Your strength was 15 (peak:16, limit:18/100).
 Your dexterity was 13 (limit:20).
 Your constitution was 20 (limit:20).
 Your intelligence was 9 (limit:16).
 Your wisdom was 10 (limit:16).
 Your charisma was 7 (limit:16).

Final Status:
 You weren't hungry.
 You were unencumbered.
 You were bare handed.
 You were unskilled in bare handed combat.

Final Attributes:
 You were devoutly aligned.
 You were cold resistant.
 You had infravision.
 You were stealthy.
 You are dead.

Miscellaneous:
 You didn't encounter any bones levels.
 Total elapsed playing time was 46 minutes and 12 seconds.

Major events:
 Turn
    1: BSL2425737 the lawful dwarven Valkyrie entered the dungeon
  844: attained the rank of Skirmisher (level 3)
 1300: entered the Gnomish Mines
 1476: killed by a wand, while frozen by a floating eye's gaze

You didn't know any spells.

Skills:
 Fighting Skills
   bare handed combat [Unskilled]
   two weapon combat  [Unskilled]
   riding             [Unskilled]
 Weapon Skills
   dagger             [Basic]
   axe                [Unskilled]
   pick-axe           [Unskilled]
   short sword        [Unskilled]
   broadsword         [Unskilled]
   long sword         [Unskilled]
   two-handed sword   [Unskilled]
   saber              [Unskilled]
   hammer             [Unskilled]
   quarterstaff       [Unskilled]
   polearms           [Unskilled]
   spear              [Basic]
   trident            [Unskilled]
   lance              [Unskilled]
   sling              [Unskilled]
 Spellcasting Skills
   attack spells      [Unskilled]
   escape spells      [Unskilled]

Voluntary challenges:
 Character rerolling was not enabled.
 You followed a strict vegan diet.
 You were an atheist.
 You were illiterate.
 You never genocided any monsters.
 You never polymorphed an object.
 You never changed form.
 You used no wishes.
Achievements:
 You attained the rank of Skirmisher.
 You entered a shop.
 You entered the Gnomish Mines.

 The Dungeons of Doom: levels 1 to 4
    Level 1:
       A sink.
    Level 2:
    Level 3:
       A general store.
    Level 4:
       A fountain.
       Stairs down to The Gnomish Mines.
 The Gnomish Mines:
    Level 5: <- You were here.
       Final resting place for
          you, killed by a wand, while frozen by a floating eye's gaze.


Vanquished creatures:
  a floating eye
  a giant bat
 an iguana
 an acid blob
  a cave spider
  a brown mold
  a gnome
  a gecko
  2 jackals
  2 foxes
  a kobold
  3 goblins
  2 grid bugs
  a bat
  a lichen
  a kobold zombie
  4 newts
25 creatures vanquished.

No species were genocided or became extinct.

Game over:
                       ----------
                      /          \
                     /    REST    \
                    /      IN      \
                   /     PEACE      \
                  /                  \
                  |    BSL2425737    |
                  |      76 Au       |
                  | killed by a wand |
                  |                  |
                  |                  |
                  |                  |
                  |       2026       |
                 *|     *  *  *      | *
        _________)/\\_//(\/(/\)/\//\/|_)_______

Farvel BSL2425737 the Valkyrie...

You died in The Gnomish Mines on dungeon level 5 with 587 points,
and 76 pieces of gold, after 1476 moves.
You were level 3 with a maximum of 37 hit points when you died.

